 Dungeon Crawl Stone Soup version 0.21-a0-216-g6d3fd91 (webtiles) character file.

97587 Leszczynek the Brawler (level 15, 57/153 HPs)
             Began as a Troll Skald on Aug 24, 2017.
             Was the Champion of Makhleb.
             Quit the game on level 4 of the Snake Pit.
             The game lasted 01:19:31 (12723 turns).

Leszczynek the Brawler (Troll Skald)               Turns: 12723, Time: 01:19:32

Health: 57/153     AC: 13    Str: 23    XL:     15   Next: 72%
Magic:  21/21      EV: 14    Int: 13    God:    Makhleb [******]
Gold:   472        SH: 23    Dex: 15    Spells: 11/16 levels left

rFire    . . .     SeeInvis .     - Unarmed
rCold    + + .     Gourm    +   Q - +4 shield of Besh {-Cast rC+ rN+ MR++}
rNeg     + . .     Faith    .   w - +3 troll leather armour
rPois    +         Spirit   .   (helmet restricted)
rElec    +         Reflect  +   Z - +2 cloak {rC+}
rCorr    .         Harm     .   (gloves unavailable)
MR       +++..     NoCast   +   (boots unavailable)
Stlth    ++........             F - +6 amulet of reflection
HPRegen  1.55/turn              E - ring of poison resistance
MPRegen  0.17/turn              g - +3 ring of dexterity

@: mildly poisoned (57 -> 54)
A: unfitting armour, claws 3, horns 1, thin skeletal structure 1, fast
metabolism 3, gourmand, regeneration 2, shaggy fur 1, electricity resistance,
tough skin 2, subdued magic 1
a: Minor Destruction, Lesser Servant of Makhleb, Major Destruction, Greater
Servant of Makhleb, Renounce Religion


You were on level 4 of the Snake Pit.
You worshipped Makhleb.
Makhleb was exalted by your worship.
You were very full.

You visited 5 branches of the dungeon, and saw 28 of its levels.
You also visited: Ice Cave.

You collected 1587 gold pieces.
You spent 1115 gold pieces at shops.

Inventory:

Hand Weapons
 C - a +3 blowgun
Missiles
 i - 8 large rocks (quivered)
 T - 2 throwing nets
 X - 7 curare-tipped needles
Armour
 w - a +3 troll leather armour (worn)
 Q - the +4 shield of Besh (worn) {-Cast rC+ rN+ MR++}
   (You bought it in a shop on level 2 of the Orcish Mines)

   It protects you from cold.
   It protects you from negative energy.
   It affects your resistance to hostile enchantments.
   It prevents spellcasting.
 R - a +0 large shield
 Z - a +2 cloak of cold resistance (worn)
Jewellery
 b - an uncursed ring of positive energy
 g - a +3 ring of dexterity (right claw)
 t - an uncursed ring of wizardry
 y - an uncursed ring of protection from cold
 E - a ring of poison resistance (left claw)
 F - a +6 amulet of reflection (around neck)
 G - an uncursed ring of protection from fire
 Y - the ring of Free Will {MR+ MP+9 Str-5 Int+4}
   (You found it in an ice cave)

   [ring of protection from magic]

   It affects your strength (-5).
   It affects your intelligence (+4).
   It affects your resistance to hostile enchantments.
   It affects your magic capacity (+9).
Wands
 a - a wand of enslavement (14/24)
 f - a wand of iceblast (4/15)
 o - a wand of flame (6/48)
 K - a wand of acid (8/15)
 L - a wand of clouds (7/9)
 S - a wand of disintegration (10/24)
Scrolls
 h - 2 scrolls of enchant armour
 j - 6 scrolls of teleportation
 k - 5 scrolls of remove curse {@r2}
 u - 4 scrolls of fear
 v - 2 scrolls of fog
 z - a scroll of magic mapping
 I - 4 scrolls of recharging
 P - 2 scrolls of blinking
 U - a scroll of silence {unknown}
 W - a scroll of vulnerability {unknown}
Potions
 e - 2 potions of haste
 m - a potion of berserk rage {unknown}
 p - 3 potions of ambrosia
 q - 3 potions of flight
 r - 3 potions of cancellation {unknown}
 s - 3 potions of heal wounds {@q2}
 x - 2 potions of might {unknown}
 A - 4 potions of curing {@q1}
 B - a potion of lignification {!q}
 M - a potion of resistance
 O - 2 potions of brilliance {unknown}
 V - a potion of mutation {unknown}
Books
 l - a book of Necromancy

   Spells                             Type                      Level
   a - Pain                           Necromancy                   1
   b - Animate Skeleton               Necromancy                   1
   c - Vampiric Draining              Necromancy                   3
   d - Regeneration                   Charms/Necromancy            3
   e - Animate Dead                   Necromancy                   4
   f - Control Undead                 Necromancy                   4
Miscellaneous
 J - a box of beasts
Comestibles
 c - 9 meat rations
 d - 8 bread rations
 n - 18 fruits
 D - 6 royal jellies
 H - 5 chunks of flesh


   Skills:
 + Level 11.0 Fighting
 - Level 8.1 Dodging
 + Level 12.2 Shields
 * Level 15.4 Unarmed Combat
 - Level 1.2 Spellcasting
 - Level 2.0 Charms
 - Level 10.0 Invocations


You had 11 spell levels left.
You knew the following spells:

 Your Spells              Type           Power        Failure   Level  Hunger
c - Song of Slaying       Chrm           #.......     19%         2    ###....
q - Regeneration          Chrm/Necr      #.........   50%         3    ####...


Dungeon Overview and Level Annotations

Branches:
Dungeon (15/15)            Temple (1/1) D:4            Lair (6/6) D:9
 Shoals (0/4) Lair:4        Snake (4/4) Lair:3          Orc (2/2) D:9
    Elf (0/3) Orc:2
  Slime: Lair:5-6    Vaults: D:13-14     Depths: D:15

Altars:
Ashenzari
Fedhas
Makhleb
Nemelex Xobeh
Ru
Trog
Vehumet
Xom
Beogh

Shops:
D:10 ?   D:12 }(   Orc:1 [   Orc:2 *(*[[

Annotations:
D:7 Menkaure; Shiggs's ghost, novice NaFE
D:9 exclusion: downstairs
D:10 Sonja
D:13 vaults


Innate Abilities, Weirdness & Mutations

You are too large for most types of armour.
You have claws for hands.
Your metabolism is lightning-fast.
You like to eat raw meat.
You heal very quickly.
You are covered in fur. (AC +1)
You have very tough skin. (AC +2)
You have a pair of small horns on your head.
You have a somewhat thin skeletal structure. (Dex +2, Stealth)
You are resistant to electric shocks. (rElec)
Your spells are a little easier to cast, but a little less powerful.


Message History

The splash of poison hits the naga.
The naga completely resists.
A naga comes into view. It is wielding a long sword.
The naga shouts!
A naga comes into view. It is wielding a war axe.
The naga shouts!
A naga comes into view. It is wielding a hand axe of freezing.
The naga shouts!
You hear a shout! x3
A naga comes into view. It is wielding a short sword.
The naga shouts!
A naga comes into view. It is wielding a halberd.
The naga shouts!
You hear a shout!
A nagaraja comes into view.
The nagaraja shouts!
A guardian serpent comes into view.
The guardian serpent shouts!
An anaconda comes into view.
The anaconda hisses angrily. 2 anacondas, a naga, a nagaraja and a guardian serpent come into view.
Unknown command.
Are you sure you want to abandon this character and quit the game? (Confirm with "yes".)

#......N..N...# ###
.N..S8...8..N..##.#
..⌠.N.N.N...⌠..#..#
....N8...8.....#..#
....N.NS.......#..#
N....8...8.SS..##.#
...SS......⌠... #.##
.....8.@.8.NS.. #..###
...............##....###
.....8...8.....#..##..(.
#.⌠........N⌠.##.###^...
#....8...8....##.# #....
##...........###.###....
#.....⌠...N.###.##...).
##.........###...#.....
#.S.. #...#...##


You could see 5 nagarajas, 4 anacondas, 3 guardian serpents, a naga mage and 8
nagas.

Vanquished Creatures
  Saint Roka (Snake:4)
  3 nagarajas
  2 orc warlords
  2 blizzard demons (IceCv)
  Fannar (Lair:2)
  7 naga warriors
  Harold (Lair:4)
  An ogre mage (Orc:2)
  7 anacondas (Snake:4)
  8 two-headed ogres
  An orc high priest (Orc:2)
  9 naga sharpshooters
  4 shock serpents
  3 unseen horrors
  2 deep trolls (Orc:1)
  4 naga ritualists
  3 orc knights
  3 ugly things
  9 mana vipers
  2 orc sorcerers
  2 cyclopes (Orc:2)
  A manticore (D:15)
  17 black mambas
  9 guardian serpents
  4 naga magi
  A centaur skeleton (D:12)
  12 spiny frogs
  A rime drake (Lair:5)
  4 freezing wraiths (IceCv)
  4 komodo dragons
  A kobold demonologist (D:11)
  An anaconda simulacrum (IceCv)
  A golden dragon simulacrum (IceCv)
  A tengu conjurer (D:11)
  5 ice devils (IceCv)
  14 trolls
  3 tyrant leeches
  23 blink frogs
  2 hippogriffs
  2 vampires
  A wraith (D:9)
  3 wyverns
  Grum (D:10)
  13 yaks
  3 basilisks
  A dire elephant simulacrum (IceCv)
  8 vampire mosquitoes
  2 hungry ghosts
  3 death yak simulacra (IceCv)
  3 wargs
  3 iron troll simulacra (IceCv)
  18 nagas
  3 harpy simulacra (IceCv)
  5 hydra simulacra (IceCv)
  8 water moccasins
  A swamp drake (D:11)
  2 porcupines (Lair:4)
  An ice beast (D:7)
  A hornet zombie (D:11)
  21 orc warriors
  2 sky beasts
  A black bear (D:8)
  3 phantoms
  8 centaurs
  An ettin simulacrum (IceCv)
  22 ogres
  2 wolves
  7 crocodiles
  2 big kobolds
  15 bullfrogs
  A water moccasin skeleton (D:8)
  A scorpion (D:10)
  A troll zombie (D:9)
  11 killer bees
  An elephant simulacrum (IceCv)
  5 wights (D:12)
  6 crimson imps
  2 bullfrog zombies
  5 hounds
  2 quasits
  2 draconian simulacra (IceCv)
  3 jellies
  15 orc priests
  2 bullfrog skeletons (D:12)
  2 iguanas
  9 orc wizards
  5 worker ants
  2 killer bee zombies (D:9)
  3 troll simulacra (IceCv)
  A spriggan simulacrum (IceCv)
  A wolf simulacrum (IceCv)
  2 centaur simulacra (IceCv)
  7 ogre zombies (D:9)
  A hound skeleton (D:9)
  A hound zombie (D:5)
  Robin (D:4)
  4 adders
  7 gnolls
  2 ogre simulacra (IceCv)
  2 naga simulacra (IceCv)
  A shadow imp (D:9)
  A white imp (IceCv)
  7 ufetubi (IceCv)
  An ooze (D:9)
  3 worms
  A dart slug (D:4)
  A leopard gecko (D:2)
  51 orcs
  5 bats
  A giant cockroach (D:6)
  11 goblins
  10 hobgoblins
  3 jackals (D:3)
  15 kobolds
  5 quokkas
  2 ball pythons
  3 goblin zombies (D:9)
  2 hobgoblin skeletons (D:9)
  3 hobgoblin zombies (D:9)
  6 orc skeletons (D:9)
  11 orc zombies (D:9)
  A quokka skeleton (D:7)
  A plant (D:11)
597 creatures vanquished.

Vanquished Creatures (collateral kills)
  Aizul (Snake:2)
  2 naga warriors
  Erica (D:11)
  A two-headed ogre (Orc:2)
  A shock serpent (Snake:3)
  A wizard (D:15)
  A black mamba (Snake:4)
  A troll (Orc:2)
  A warg (Orc:2)
  3 nagas
  4 orc warriors
  2 orc priests (Orc:1)
  3 orc wizards
  6 orcs
28 creatures vanquished.

Vanquished Creatures (others)
  A naga (Snake:4)
  A white imp (IceCv)
  10 fungi
  22 plants
34 creatures vanquished.

Grand Total: 659 creatures vanquished

Notes
Turn   | Place    | Note
-------+----------+-------------------------------------------
     0 | D:1      | Leszczynek the Troll Skald began the quest for the Orb.
     0 | D:1      | Reached XP level 1. HP: 19/19 MP: 1/1
    93 | D:2      | Reached XP level 2. HP: 27/27 MP: 2/2
   109 | D:2      | Learned a level 2 spell: Shroud of Golubria
   123 | D:2      | Reached skill level 3 in Unarmed Combat
   250 | D:3      | Noticed an ice beast
   365 | D:2      | Reached XP level 3. HP: 33/33 MP: 3/3
   427 | D:2      | Reached skill level 4 in Unarmed Combat
   450 | D:2      | Reached XP level 4. HP: 24/41 MP: 1/4
   559 | D:4      | Found a staircase to the Ecumenical Temple.
   577 | Temple   | Entered the Ecumenical Temple
   592 | Temple   | Became a worshipper of Makhleb the Destroyer
   725 | D:4      | Noticed a phantom
   741 | D:4      | Killed a phantom
   741 | D:4      | Reached skill level 5 in Unarmed Combat
   741 | D:4      | Reached XP level 5. HP: 45/48 MP: 1/5
   775 | D:5      | Entered Level 5 of the Dungeon
   778 | D:5      | Reached skill level 6 in Unarmed Combat
   874 | D:5      | Reached XP level 6. HP: 55/55 MP: 6/6
   882 | D:4      | Noticed Robin
   907 | D:4      | Killed Robin
   918 | D:4      | Reached * piety under Makhleb
  1128 | D:7      | Noticed a hungry ghost
  1134 | D:7      | Killed a hungry ghost
  1134 | D:7      | Reached skill level 7 in Unarmed Combat
  1146 | D:7      | Noticed Shiggs's ghost (novice NaFE)
  1150 | D:7      | Noticed Menkaure
  1206 | D:6      | Reached XP level 7. HP: 57/62 MP: 7/7
  1247 | D:6      | Learned a level 2 spell: Song of Slaying
  1392 | D:6      | Reached skill level 2 in Fighting
  1392 | D:6      | Reached skill level 8 in Unarmed Combat
  1457 | D:7      | Reached skill level 3 in Fighting
  1611 | D:7      | Reached XP level 8. HP: 78/78 MP: 8/8
  1752 | D:6      | Reached skill level 4 in Fighting
  2104 | D:6      | Reached ** piety under Makhleb
  2107 | D:6      | Reached skill level 9 in Unarmed Combat
  2129 | D:7      | Reached skill level 2 in Dodging
  2172 | D:8      | Reached skill level 5 in Fighting
  2232 | D:8      | Found a shimmering altar of Xom.
  2265 | D:8      | Found a sacrificial altar of Ru.
  2388 | D:8      | Reached skill level 3 in Dodging
  2455 | D:8      | Reached skill level 1 in Invocations
  2542 | D:9      | Reached skill level 2 in Invocations
  2584 | D:9      | Noticed a hippogriff
  2620 | D:9      | HP: 14/80 [hippogriff (3)]
  2755 | D:8      | Killed a hippogriff
  2755 | D:8      | Reached XP level 9. HP: 88/88 MP: 8/10
  2759 | D:9      | Reached skill level 3 in Invocations
  2940 | D:9      | Reached skill level 4 in Dodging
  2940 | D:9      | Reached skill level 4 in Invocations
  2964 | D:9      | Gained mutation: You heal very quickly. [mutagenic meat]
  2965 | D:9      | Gained mutation: Your spells are a little easier to cast, but a little less powerful. [mutagenic meat]
  2966 | D:9      | Gained mutation: You have a somewhat thin skeletal structure. (Dex +2, Stealth) [mutagenic meat]
  2967 | D:9      | Gained mutation: You have a pair of small horns on your head. [mutagenic meat]
  3151 | D:9      | Reached skill level 10 in Unarmed Combat
  3173 | D:9      | Reached skill level 6 in Fighting
  3180 | D:9      | Found a staircase to the Lair.
  3271 | D:10     | Entered Level 10 of the Dungeon
  3319 | D:10     | Noticed Grum
  3347 | D:10     | Killed Grum
  3354 | D:10     | Noticed a troll
  3355 | D:10     | Reached XP level 10. HP: 98/100 MP: 10/12
  3455 | D:9      | Reached *** piety under Makhleb
  3573 | D:9      | Reached skill level 5 in Dodging
  3679 | D:9      | Found a staircase to the Orcish Mines.
  3730 | D:9      | Found a sparkling altar of Nemelex Xobeh.
  3743 | D:9      | Reached **** piety under Makhleb
  3802 | D:10     | Noticed Sonja
  3807 | D:10     | Reached skill level 7 in Fighting
  4067 | D:11     | Killed an unseen horror
  4098 | D:11     | Reached skill level 5 in Invocations
  4099 | D:11     | Noticed a two-headed ogre
  4185 | D:11     | Killed a two-headed ogre
  4198 | D:11     | Reached skill level 8 in Fighting
  4326 | D:11     | Noticed a purple ugly thing
  4349 | D:10     | Killed a purple ugly thing
  4349 | D:10     | Reached skill level 11 in Unarmed Combat
  4436 | D:11     | Reached XP level 11. HP: 112/113 MP: 12/14
  4498 | D:11     | Reached skill level 6 in Invocations
  4636 | D:12     | Killed an unseen horror
  4695 | D:11     | Noticed a purple ugly thing
  4765 | D:12     | Found Ehygeuf's Gadget Shoppe.
  4798 | D:12     | Killed an unseen horror
  4839 | D:12     | Reached ***** piety under Makhleb
  4850 | D:12     | Noticed a cyan ugly thing
  4859 | D:12     | Killed a cyan ugly thing
  4864 | D:12     | Gained mutation: You are resistant to electric shocks. (rElec) [mutagenic meat]
  4919 | D:12     | Noticed an orc knight
  4958 | D:12     | Killed an orc knight
  4958 | D:12     | Reached skill level 7 in Invocations
  5299 | D:14     | Found a blossoming altar of Fedhas.
  5468 | D:12     | Found Voiciczeli's Antique Weapon Emporium.
  5475 | D:12     | Reached skill level 9 in Fighting
  5648 | D:15     | Entered Level 15 of the Dungeon
  5746 | D:15     | Noticed a wizard
  5758 | D:15     | Killed a wizard
  5758 | D:15     | Reached skill level 12 in Unarmed Combat
  5835 | D:12     | Noticed a two-headed ogre
  5856 | D:12     | Killed a two-headed ogre
  5896 | D:11     | Noticed Erica
  5904 | D:11     | Killed Erica
  5928 | D:11     | Learned a level 3 spell: Regeneration
  6054 | D:11     | Killed a purple ugly thing
  6101 | D:11     | Reached XP level 12. HP: 123/123 MP: 16/16
  6129 | D:10     | Found Ozxocle's Magic Scroll Boutique.
  6133 | D:10     | Bought a scroll of enchant armour for 105 gold pieces
  6133 | D:10     | Bought a scroll of identify for 28 gold pieces
  6133 | D:10     | Bought a scroll of teleportation for 42 gold pieces
  6133 | D:10     | Bought a scroll of identify for 28 gold pieces
  6133 | D:10     | Bought a scroll of blinking for 105 gold pieces
  6133 | D:10     | Bought a scroll of fear for 49 gold pieces
  6239 | Lair:1   | Entered Level 1 of the Lair of Beasts
  6402 | Lair:2   | Noticed Fannar
  6416 | Lair:2   | Killed Fannar
  6416 | Lair:2   | Reached skill level 8 in Invocations
  6483 | Lair:3   | Found a staircase to the Snake Pit.
  6557 | Lair:3   | Reached skill level 13 in Unarmed Combat
  6992 | Lair:4   | Found a staircase to the Shoals.
  6994 | Lair:4   | gotcha
  7139 | Lair:4   | Noticed Harold
  7164 | Lair:4   | Killed Harold
  7326 | Lair:5   | Reached skill level 9 in Invocations
  7338 | Lair:6   | Entered Level 6 of the Lair of Beasts
  7338 | Lair:6   | Noticed a four-headed hydra
  7360 | Lair:5   | Reached skill level 14 in Unarmed Combat
  7375 | Lair:5   | Reached skill level 6 in Dodging
  7573 | Lair:6   | Reached skill level 7 in Dodging
  7578 | Lair:6   | Reached XP level 13. HP: 133/133 MP: 18/18
  7695 | Lair:6   | Reached skill level 10 in Fighting
  7777 | Lair:5   | fuck it, waste of time
  7777 | Lair:5   | fucking frog pond
  7856 | Lair:2   | You fall through a shaft!
  7897 | Lair:3   | Reached skill level 8 in Dodging
  8032 | Orc:1    | Entered Level 1 of the Orcish Mines
  8167 | Orc:1    | Found Ylot's Armour Boutique.
  8330 | Orc:1    | Noticed an orc warlord
  8369 | Orc:1    | Killed an orc warlord
  8538 | Orc:2    | Entered Level 2 of the Orcish Mines
  8626 | Orc:2    | damn, this is gonna be hard
  8645 | Orc:2    | Noticed an orc warlord
  8680 | Orc:2    | Found a staircase to the Elven Halls.
  8728 | Orc:2    | Paralysed by an ogre mage for 2 turns
  8946 | Orc:2    | Killed an orc warlord
  9080 | Orc:2    | deep trolls?
  9080 | Orc:2    | what
  9177 | Orc:2    | Reached skill level 15 in Unarmed Combat
  9369 | Orc:2    | Found a runed door.
  9385 | Orc:2    | runed door?
  9385 | Orc:2    | what
  9393 | Orc:2    | Reached skill level 10 in Invocations
  9446 | Orc:2    | Found a radiant altar of Vehumet.
  9510 | Orc:2    | Found Cuz Punk's Assorted Antiques.
  9515 | Orc:2    | Found Huudghogo's Antique Weapon Emporium.
  9520 | Orc:2    | Bought a scroll labeled OGY HEOCYNOPU for 22 gold pieces
  9520 | Orc:2    | Bought a sapphire potion for 19 gold pieces
  9522 | Orc:2    | Found Hotishay's Assorted Antiques.
  9523 | Orc:2    | Found Texy's Antique Armour Boutique.
  9531 | Orc:2    | Bought a sapphire potion for 28 gold pieces
  9536 | Orc:2    | Bought a spiked shield for 361 gold pieces
  9541 | Orc:2    | Identified the +4 shield of Besh {-Cast rC+ rN+ MR++} (You bought it in a shop on level 2 of the Orcish Mines)
  9541 | Orc:2    | ...
  9541 | Orc:2    | WELL
  9541 | Orc:2    | at least unti i find a normal one
  9541 | Orc:2    | i guess
  9542 | Orc:2    | Found Zat Uffoguith's Antique Armour Shop.
  9593 | Orc:2    | Reached XP level 14. HP: 144/144 MP: 20/20
  9665 | Orc:2    | now let's see here
  9672 | Orc:2    | Reached ****** piety under Makhleb
  9718 | Orc:2    | Reached skill level 1 in Shields
  9748 | Orc:2    | Reached skill level 2 in Shields
  9833 | Orc:2    | Found a roughly hewn altar of Beogh.
  9905 | Orc:2    | Bought a scroll of blinking for 240 gold pieces
  9915 | Orc:2    | Bought a scroll of identify for 44 gold pieces
  9915 | Orc:2    | Bought a scroll of identify for 44 gold pieces
 10048 | Snake:1  | Entered Level 1 of the Snake Pit
 10196 | Snake:1  | Reached skill level 3 in Shields
 10313 | Snake:1  | Reached skill level 4 in Shields
 10462 | Snake:3  | Noticed a nagaraja
 10466 | Snake:2  | Noticed Aizul
 10479 | Snake:2  | Reached skill level 5 in Shields
 10488 | Snake:2  | HP: 8/144 [Aizul (42)]
 10493 | Snake:2  | HP: 36/216 [poisoned by Aizul (poison arrow)]
 10494 | Snake:2  | Killed Aizul
 10584 | Snake:3  | Reached skill level 6 in Shields
 10600 | Snake:4  | Entered Level 4 of the Snake Pit
 10709 | Snake:3  | Reached skill level 7 in Shields
 10830 | Snake:3  | Killed a nagaraja
 10857 | Snake:3  | Reached skill level 8 in Shields
 10957 | Snake:3  | Found a frozen archway.
 10967 | IceCv    | Entered an ice cave
 11379 | IceCv    | it will be an ice fiend here, right
 11419 | IceCv    | Reached skill level 9 in Shields
 11490 | IceCv    | 2 blizzard demons
 11490 | IceCv    | not sure if better or worse
 11490 | IceCv    | probably worse
 11618 | IceCv    | Got a clouded amber ring
 11634 | IceCv    | Identified the ring of Free Will {MR+ MP+9 Str-5 Int+4} (You found it in an ice cave)
 11772 | Snake:4  | Reached XP level 15. HP: 149/152 MP: 21/21
 11863 | Snake:4  | Reached skill level 10 in Shields
 11976 | Snake:4  | Noticed Saint Roka
 11977 | Snake:4  | here?
 12086 | Snake:4  | Killed Saint Roka
 12250 | Snake:4  | Reached skill level 11 in Shields
 12338 | Snake:4  | oh boy
 12338 | Snake:4  | it's one of those vaults that swarms with guardians
 12338 | Snake:4  | great
 12459 | Snake:4  | Noticed a nagaraja
 12475 | Snake:4  | Killed a nagaraja
 12523 | Snake:4  | Reached skill level 12 in Shields
 12573 | Snake:4  | Noticed a nagaraja
 12661 | Snake:4  | Killed a nagaraja
 12661 | Snake:4  | Reached skill level 11 in Fighting
 12720 | Snake:4  | HP: 30/153 [anaconda (1)]
 12722 | Snake:4  | Noticed a nagaraja
 12722 | Snake:4  | Noticed a nagaraja
 12722 | Snake:4  | Noticed a nagaraja
 12722 | Snake:4  | Noticed a nagaraja
 12723 | Snake:4  | Noticed a nagaraja
 12723 | Snake:4  | Quit the game

Vault maps used:
D:1:      ldierk_walled_garden_2
D:2:      st_stairs_1, grunt_qazlal_sundering
D:4:      temple_statues, uniq_robin
D:5:      first_bread, hex_tiny, kennysheep_pointless_box
D:6:      minmay_goblin_kobold_castle, serial_shops, shop, amethyst_killhole
D:7:      uniq_menkaure
D:8:      basic_altar, xom_teletrap_fun
D:9:      lemuel_round_altar, david_lair_generic, zombieorc2_lemuel,
          nemelex_dance_club_becter
D:10:     serial_shops, shop, uniq_sonja, uniq_grum
D:11:     grunt_tengu_nest, grunt_ministairs_2, moated_statue, pond, uniq_erica
D:12:     serial_shops, shop, shop
D:13:     lightli_vaults_fourway_checkpoint
D:14:     fedhas_altar_3
D:15:     grunt_enter_depths_hoard, minmay_misc_feat_more_columns, uniq_louise
Temple:   regret_index_temple_sigil_plot
Lair:1:   serial_bayou_shore_b
Lair:2:   uniq_fannar
Lair:3:   dummy_snake_entry, serial_bayou_shore_a, grunt_megastairs_4
Lair:4:   elwin_shoals_entry_rocks, uniq_harold
Lair:5:   serial_bayou_pond_a, infiniplex_staircase_pool_2
Lair:6:   minmay_lair_end_frog_pond, slime_altar_1, grunt_megastairs_3
Snake:1:  grunt_megastairs_1
Snake:2:  basic_altar, uniq_aizul
Snake:3:  portal_ice_cave_entry_pillars_four, special_room, grunt_ministairs_1
Snake:4:  grunt_snake_rune_serpentine_throne, uniq_jorgrun, uniq_saint_roka
Orc:1:    serial_shops, nicolae_shop_competitors_out_of_business
Orc:2:    st_orc_open, basic_altar, serial_shops, nicolae_shop_statue_plus,
          lightli_church_of_beogh
IceCv:    ice_cave_caverns_03

Skill      XL: |  1  2  3  4  5  6  7  8  9 10 11 12 13 14 15 |
---------------+----------------------------------------------+-----
Unarmed Combat | 3 4 5 6 7 8 9 10 11 12 14 15 | 15.4
Fighting       | 3 5 6 8 9 10 11 | 11.0
Dodging        | 3 4 5 7 8 |  8.1
Invocations    | 2 4 5 7 9 10 | 10.0
Shields        | 9 12 | 12.2
Spellcasting   | |  1.2
Charms         | |  2.0

Action                   |  1- 3 |  4- 6 |  7- 9 | 10-12 | 13-15 || total
-------------------------+-------+-------+-------+-------+-------++-------
Melee: Unarmed           |    97 |    98 |   287 |   712 |  1188 ||  2382
       Punch             |     1 |       |     8 |    42 |    32 ||    83
       Headbutt          |       |       |    17 |   129 |   259 ||   405
 Cast: Shroud of Golubri |     1 |     6 |    13 |    34 |    11 ||    65
Invok: Minor Destruction |       |       |       |     8 |    40 ||    48
       Lesser Servant of |       |       |       |     5 |    16 ||    21
Evoke: Wand              |       |       |       |       |     9 ||     9
  Use: Scroll            |       |     2 |     6 |    14 |     6 ||    28
       Potion            |       |       |     2 |     1 |     5 ||     8
 Stab: Sleeping          |       |       |     1 |     1 |       ||     2
       Distracted        |       |       |       |     1 |     5 ||     6
  Eat: Chunk             |     9 |     8 |    26 |    48 |    43 ||   134
       Fruit             |       |       |       |       |     6 ||     6
Armor: Robe              |    38 |    28 |    77 |    14 |       ||   157
       Troll leather arm |       |       |       |   162 |   146 ||   308
       Skin              |       |       |       |       |     2 ||     2
Dodge: Dodged            |    58 |    41 |   169 |   297 |   342 ||   907
Block: Other             |       |       |    23 |   142 |    56 ||   221
       Reflection        |       |       |       |     2 |    64 ||    66
       Shield            |       |       |       |       |   748 ||   748

Table legend:
 A = Spawn XP
 B = Non-spawn XP
 C = Spawn XP percentage of total XP
 D = Spawn monster count
 E = Non-spawn monster count
 F = Spawn count percentage of total count
 G = Total turns spent on level
                    A         B        C        D         E        F      G
               +---------+---------+-------+---------+---------+-------+---------
         Total |    5933 |  133478 |   4.3 |      37 |     587 |   5.9 | 12723
               +---------+---------+-------+---------+---------+-------+---------
           D:1 |       0 |      10 |   0.0 |       0 |       5 |   0.0 |    89
           D:2 |       0 |      74 |   0.0 |       0 |      14 |   0.0 |   300
           D:3 |       0 |      25 |   0.0 |       0 |      11 |   0.0 |   170
           D:4 |       0 |     241 |   0.0 |       0 |      17 |   0.0 |   292
           D:5 |       0 |      94 |   0.0 |       0 |       5 |   0.0 |   199
           D:6 |     222 |     627 |  26.1 |       5 |      14 |  26.3 |   772
           D:7 |       0 |     737 |   0.0 |       0 |      13 |   0.0 |   322
           D:8 |      34 |     878 |   3.7 |       1 |      10 |   9.1 |   487
           D:9 |     184 |    3576 |   4.9 |       3 |      66 |   4.3 |  1220
          D:10 |      42 |    1834 |   2.2 |       1 |      13 |   7.1 |   502
          D:11 |     556 |    4692 |  10.6 |       2 |      32 |   5.9 |   658
          D:12 |     312 |    5717 |   5.2 |       6 |      32 |  15.8 |   738
          D:13 |       0 |     899 |   0.0 |       0 |      10 |   0.0 |   333
          D:14 |       0 |     189 |   0.0 |       0 |       1 |   0.0 |   124
          D:15 |       0 |    1403 |   0.0 |       0 |       4 |   0.0 |   118
        Lair:1 |       0 |      96 |   0.0 |       0 |       1 |   0.0 |   190
        Lair:2 |       0 |    1012 |   0.0 |       0 |       1 |   0.0 |   196
        Lair:3 |       0 |    3136 |   0.0 |       0 |      15 |   0.0 |   241
        Lair:4 |       0 |    4095 |   0.0 |       0 |      15 |   0.0 |   503
        Lair:5 |     498 |    7816 |   6.0 |       2 |      29 |   6.5 |   467
        Lair:6 |       0 |    5326 |   0.0 |       0 |      23 |   0.0 |   211
       Snake:1 |       0 |    5033 |   0.0 |       0 |      10 |   0.0 |   367
       Snake:2 |       0 |    5017 |   0.0 |       0 |       8 |   0.0 |   126
       Snake:3 |     535 |   13591 |   3.8 |       1 |      23 |   4.2 |   497
       Snake:4 |    3051 |   35994 |   7.8 |       6 |      64 |   8.6 |   985
         Orc:1 |      89 |    6670 |   1.3 |       5 |      31 |  13.9 |   671
         Orc:2 |     410 |   15621 |   2.6 |       5 |      69 |   6.8 |  1214
         IceCv |       0 |    9075 |   0.0 |       0 |      51 |   0.0 |   700
               +---------+---------+-------+---------+---------+-------+---------
